 Dungeon Sprint DCSS version 0.31-a0-142-g31f6795574 (webtiles) character file.

Game seed: 10330426732451547517

253 Conn the Arsonist (level 6, -5/37 HPs)
             Began as an Octopode Fire Elementalist on June 3, 2023.
             Slain by a neqoxec (15 damage)
             ... in the Dungeon (Sprint II: "The Violet Keep of Menkaure").
             The game lasted 00:02:35 (58 turns).

Conn the Arsonist (Octopode Fire Elementalist)        Turns: 58, Time: 00:02:36

Health: -5/37      AC:  1    Str:  7      XL:     6   Next: 14%
Magic:  1/13       EV: 14    Int: 18 (19) God:
Gold:   243        SH:  0    Dex: 13      Spells: 12/15 levels left

rFire   . . .        (no weapon)
rCold   . . .        (no shield)
rNeg    . . .        (helmet restricted)
rPois   .            (no amulet)
rElec   .            (no ring)
rCorr   .            (no ring)
SInv    .            (no ring)
Will    .....        (no ring)
Stlth   ++++         (no ring)
HPRegen 0.26/turn    (no ring)
MPRegen 0.13/turn    (no ring)
                     (no ring)

%: no teleportation
@: no status effects
A: almost no armour, amphibious, 8 rings, camouflage 1, gelatinous body 1,
(nimble swimmer 1), tentacles
a: no special abilities


You were in the Dungeon.
You visited 1 branch You collected 243 gold pieces.

Inventory:

Potions
 a - 3 potions of magic
 b - a potion of curing


   Skills:
 + Level 0.8 Fighting
 + Level 4.9 Dodging
 + Level 5.8 Stealth
 + Level 5.3 Spellcasting
 + Level 1.6 Conjurations
 + Level 9.6 Fire Magic


You had 12 spell levels left.
You knew the following spells:

 Your Spells              Type           Power      Damage    Failure   Level
a - Foxfire               Conj/Fire      100%       2x1d9     1%          1
b - Scorch                Fire           78%        2d8       1%          2

Your spell library contained the following spells:

 Spells                   Type           Power      Damage    Failure   Level
 Inner Flame              Hex/Fire       22%        N/A       5%          3
 Volatile Blastmotes      Fire/Tloc      44%        2d13      5%          3
 Flame Wave               Conj/Fire      25%        2d8       13%         4


Dungeon Overview and Level Annotations

Branches:
Dungeon (1/1)

Altars:


Innate Abilities, Weirdness & Mutations

You cannot wear most types of armour.
You are amphibious.
You can wear up to eight rings at the same time.
Your skin changes colour to match your surroundings (Stealth+).
Your rubbery body absorbs attacks. (AC +1, EV +1)
((You are camouflaged when in or above water. (Stealth+)))
You have tentacles for arms and can constrict up to eight enemies at once.


Message History

You tentacle-slap the neqoxec but do no damage.
Your grab misses the neqoxec. The neqoxec gestures at you.
You feel dopey. Something feeds on your intellect!
Unknown command.
You closely miss the neqoxec. You grab the neqoxec.
You squeeze the neqoxec, but do no damage.
You constrict the neqoxec. The neqoxec hits you!
* * * LOW HITPOINT WARNING * * *
Unknown command.
Casting: Foxfire (safe; 1% risk of failure)
Confirm with . or Enter, or press ? or * to list all spells.
Flames lash the neqoxec.
The neqoxec is moderately wounded.
The neqoxec's fire resistance burns away.
You constrict the neqoxec. The neqoxec gestures at you.
Something tries to feed on your intellect!
Casting: Scorch (safe; 1% risk of failure)
Confirm with . or Enter, or press ? or * to list all spells.
Flames lash the neqoxec.
The neqoxec is burned terribly!
The neqoxec is heavily wounded.
You recover from your berserk rage.
You constrict the neqoxec. The neqoxec hits you.
* * * LOW HITPOINT WARNING * * *
Casting: Scorch (safe; 1% risk of failure)
Confirm with . or Enter, or press ? or * to list all spells.
Flames lash the neqoxec.
The neqoxec is moderately wounded.
The neqoxec's fire resistance burns away.
You constrict the neqoxec. The neqoxec gestures at you.
Something tries to feed on your intellect!
Casting: Scorch (safe; 1% risk of failure)
Confirm with . or Enter, or press ? or * to list all spells.
Flames lash the neqoxec.
The neqoxec is burned terribly!
The neqoxec is severely wounded.
You constrict the neqoxec. The neqoxec hits you!
You die...

##+##
##...##
#..#..# #
##.#@##
##. ##3##
#.B.##3##
#+.3.+
#..B##.##
##. #'# #
.$3 .##..
## ###


You could see 3 neqoxecs.

Vanquished Creatures
  4 necrophages (D)
4 creatures vanquished.

Vanquished Creatures (others)
  Menkaure (D)
1 creature vanquished.

Grand Total: 5 creatures vanquished

Notes
Turn   | Place    | Note
-------+----------+-------------------------------------------
     0 | D        | Conn the Octopode Fire Elementalist began the quest for the
                  | Orb.
     0 | D        | Reached XP level 1. HP: 11/11 MP: 3/3
     1 | D        | Noticed a boulder beetle
     1 | D        | Noticed a boulder beetle
     4 | D        | Noticed a necrophage
     4 | D        | Noticed a necrophage
     4 | D        | Noticed a necrophage
     4 | D        | Noticed a necrophage
    10 | D        | Killed a necrophage
    11 | D        | Reached skill level 6 in Fire Magic
    11 | D        | Reached XP level 2. HP: 12/17 MP: 3/6
    11 | D        | Reached XP level 3. HP: 15/21 MP: 4/8
    11 | D        | Reached XP level 4. HP: 20/27 MP: 4/9
    16 | D        | Killed a necrophage
    17 | D        | Reached skill level 7 in Fire Magic
    17 | D        | Reached XP level 5. HP: 19/31 MP: 4/11
    23 | D        | Reached skill level 5 in Stealth
    23 | D        | Reached skill level 8 in Fire Magic
    33 | D        | Reached skill level 5 in Spellcasting
    33 | D        | Reached skill level 9 in Fire Magic
    33 | D        | Reached XP level 6. HP: 16/37 MP: 6/13
    44 | D        | Noticed a neqoxec
    44 | D        | Noticed a neqoxec
    44 | D        | Noticed a neqoxec
    44 | D        | Noticed a neqoxec
    53 | D        | Learned a level 2 spell: Scorch
    57 | D        | Killed Menkaure
    58 | D        | Slain by a neqoxec

Illustrated notes

Levels and vault maps discovered:
D:        the_violet_keep_of_menkaure [sprint2_stairs_cluster_1,
          sprint2_shoproom, sprint2_temple, sprint2_basic_supplies,
          sprint2_obstacle_3, sprint2_obstacle_2, sprint2_obstacle_4,
          sprint2_obstacle_5, sprint2_obstacle_6, sprint2_timed_cluster_1,
          sprint2_smallroom_cluster_1, sprint2_smallroom_final_cluster_1,
          sprint2_transparent_cluster_1, sprint2_second_timed_cluster_1,
          sprint2_sniper_area_1, sprint2_heavy_combat_area_1,
          sprint2_mutation_trap_area_1, sprint2_forest_area_1,
          sprint2_light_combat_area_1, sprint2_behind_water_1,
          sprint2_near_end_vault_1]

Skill      XL: |  1  2  3  4  5 |
---------------+----------------+-----
Dodging        | 3 4 |  4.9
Stealth        | 4 5 |  5.8
Spellcasting   | 3 4 5 |  5.3
Fire Magic     | 6 7 9 |  9.6
Fighting       | |  0.8
Conjurations   | |  1.6

Action                     |  1- 3 |  4- 6 || total
---------------------------+-------+-------++-------
  Melee: Unarmed           |     4 |    23 ||    27
         Constrict         |     1 |     4 ||     5
         Tentacles         |     1 |     3 ||     4
   Cast: Scorch            |       |     4 ||     4
    Use: Potion            |     2 |     1 ||     3
         Scroll            |       |     1 ||     1
 Armour: Skin              |       |     1 ||     1
  Dodge: Dodged            |       |     8 ||     8

Table legend: (Time is in decaauts)
 A = Elapsed time spent in this place.
 B = Non-inter-level travel time spent in this place.
 C = Inter-level travel time spent in this place.
 D = Time resting spent in this place.
 E = Time spent auto-exploring this place.
 F = Levels seen in this place.
 G = Mean time per level.
                   A        B        C        D        E       F      G
               +--------+--------+--------+--------+--------+-----+--------+
         Total |     51 |     51 |      0 |      3 |      0 |   1 |   51.0 |
       Dungeon |     51 |     51 |      0 |      3 |      0 |   1 |   51.0 |
               +--------+--------+--------+--------+--------+-----+--------+

Top non-repeatable levels by time:
       D: 51 daAuts
